 Dungeon Crawl Stone Soup version 0.27-a0-1154-gfdeffcb720 (webtiles) character file.

Game seed: 7697518406235415383

235 gerangelov the Chopper (level 5, 0/45 HPs)
             Began as a Minotaur Fighter on May 14, 2021.
             Killed from afar by a white imp (5 damage)
             ... with a puff of frost
             ... on level 3 of the Dungeon.
             The game lasted 00:15:35 (2572 turns).

gerangelov the Chopper (Minotaur Fighter)           Turns: 2572, Time: 00:15:36

Health: 0/45       AC:  9    Str: 21    XL:     5   Next: 76%
Magic:  4/4        EV:  5    Int:  5    God:
Gold:   73         SH:  9    Dex: 10    Spells: 4/4 levels left

rFire    . . .     SeeInvis .   a - +0 war axe
rCold    . . .     Faith    .   c - +0 kite shield
rNeg     . . .     Spirit   .   f - +0 chain mail
rPois    .         Reflect  .   (helmet restricted)
rElec    .         Harm     .   (no cloak)
rCorr    .         Rampage  .   (no gloves)
Will     .....                  (no boots)
Stlth    ..........             (no amulet)
HPRegen  0.15/turn              (no ring)
MPRegen  0.09/turn              (no ring)

@: no status effects
A: horns 2, retaliatory headbutt
a: no special abilities


You were on level 3 of the Dungeon.
You visited 1 branch of the dungeon, and saw 3 of its levels.

You collected 73 gold pieces.

Inventory:

Hand Weapons
 a - a +0 war axe (weapon)
Armour
 b - a +0 scale mail
 c - a +0 kite shield (worn)
 f - a +0 chain mail (worn)
Scrolls
 d - a scroll of immolation {unknown}
 e - a scroll of blinking {unknown}
Potions
 g - 2 potions of curing {unknown}
 h - a potion of attraction {unknown}
 i - a potion of haste {unknown}


   Skills:
 - Level 3.6 Fighting
 + Level 7.3 Axes
 - Level 3.6 Armour
 - Level 3.7 Shields


You had 4 spell levels left.
You didn't know any spells.
Your spell library contained the following spells:

 Spells                   Type           Power      Damage    Failure   Level
 Animate Skeleton         Necr           0%         N/A       100%        1
 Apportation              Tloc           0%         N/A       100%        1
 Beastly Appendage        Tmut           0%         N/A       100%        1
 Corona                   Hex            0%         N/A       100%        1
 Summon Small Mammal      Summ           0%         N/A       100%        1
 Wereblood                Tmut           0%         N/A       100%        2
 Spider Form              Tmut/Pois      0%         N/A       100%        3
 Ice Form                 Ice/Tmut       0%         N/A       100%        4
 Hydra Form               Tmut           0%         N/A       100%        5


Dungeon Overview and Level Annotations

Branches:
Dungeon (3/15)

Altars:
Fedhas
Sif Muna
Zin


Innate Abilities, Weirdness & Mutations

You have a pair of horns on your head.
You reflexively headbutt those who attack you in melee.


Message History

There is an open door here.
The bat barely misses you. You block the bat's attack.
You block the bat's attack. The bat hits you but does no damage.
You block the bat's attack. The bat hits you but does no damage. x2
You open the door. You block the bat's attack.
The bat hits you but does no damage. The bat hits you.
* * * LOW HITPOINT WARNING * * *
The white imp grins evilly.
You block the bat's attack. x2
There is an open door here.
The bat hits you but does no damage.
You miss the bat. You slash the bat!
You kill the bat!
You block the bat's attack. The bat closely misses you.
The bat hits you but does no damage.
The ball python bites you but does no damage.
You block the ball python's attack. The bat hits you.
* * * LOW HITPOINT WARNING * * *
There is a stone staircase leading up here.
The bat hits you but does no damage. You block the bat's attack.
You block the ball python's attack. The ball python grabs you.
You stop ascending the stairs.
The ball python constricts you.
You escape the ball python's grasp.
The bat hits you but does no damage. The ball python barely misses you.
The ball python grabs you.
You stop ascending the stairs.
The ball python constricts you.
You slash the ball python!
You kill the ball python!
You barely miss the white imp. The bat hits you but does no damage. x2
The white imp hits you.
* * * LOW HITPOINT WARNING * * *
The white imp freezes you.
* * * LOW HITPOINT WARNING * * *
You block the white imp's attack. The bat hits you.
* * * LOW HITPOINT WARNING * * *
The bat hits you but does no damage. You block the quokka's attack.
The white imp gestures at you. The puff of frost hits you.
You die...

.......#g...........g...........
.......#...##############.....#.
########...###### #.....#
#........# #g....#
####.)...#########'#.###
#.....#...#.........#
#.†...#...#...g...#.#
.##....b#)..#.......+...
......._@#...#.......# #.
........5r#...#...........
.........g'...'g.......##
........###g..#........#
........+.......#+#..#.#
........######.## ..#.. ####+##
#.# ### #.# #.#


You could see 2 gnolls, a white imp, a quokka and a bat.

Vanquished Creatures
  A phantom (D:2)
  2 adders (D:2)
  7 gnolls
  4 worms (D:2)
  A dart slug (D:1)
  3 bats
  3 endoplasms
  3 giant cockroaches
  4 goblins
  8 hobgoblins
  6 jackals (D:2)
  2 kobolds
  6 quokkas
  4 ball pythons
  4 frilled lizards
  2 rats
60 creatures vanquished.

Vanquished Creatures (others)
  56 plants (D:2)
56 creatures vanquished.

Grand Total: 116 creatures vanquished

Notes
Turn   | Place    | Note
-------+----------+-------------------------------------------
     0 | D:1      | gerangelov the Minotaur Fighter began the quest for the
                  | Orb.
     0 | D:1      | Reached XP level 1. HP: 19/19 MP: 0/0
   203 | D:1      | Reached skill level 3 in Axes
   248 | D:1      | Reached XP level 2. HP: 20/26 MP: 1/1
   858 | D:2      | Reached skill level 4 in Axes
   974 | D:2      | Reached XP level 3. HP: 29/31 MP: 2/2
  1060 | D:2      | Found a blossoming altar of Fedhas.
  1060 | D:2      | Noticed a phantom
  1075 | D:2      | Reached skill level 5 in Axes
  1126 | D:2      | Killed a phantom
  1127 | D:2      | Reached skill level 6 in Axes
  1127 | D:2      | Reached XP level 4. HP: 8/39 MP: 3/3
  1127 | D:2      | Reached XP level 5. HP: 9/45 MP: 4/4
  1613 | D:2      | Found a shimmering blue altar of Sif Muna.
  2064 | D:2      | Reached skill level 7 in Axes
  2518 | D:3      | Found a glowing silver altar of Zin.
  2572 | D:3      | Killed from afar by a white imp

Illustrated notes

Levels and vault maps discovered:
D:1:      minmay_arrival_four_loops, layout_basic,
          chequers_serial_rivers_micro_a, minmay_misc_feat_iff
D:2:      wad_woods_stonehenge, layout_loops_ring, basic_altar
D:3:      layout_basic, overflow_temple_1_default, uniq_crazy_yiuf_cottage

Skill      XL: |  1  2  3  4  5 |
---------------+----------------+-----
Axes           | 3 4 6 7 |  7.3
Fighting       | |  3.6
Armour         | |  3.6
Shields        | |  3.7

Action                   |  1- 3 |  4- 6 || total
-------------------------+-------+-------++-------
Melee: War axe           |    84 |    75 ||   159
       Headbutt          |     9 |     9 ||    18
  Use: Potion            |       |     1 ||     1
Armor: Chain mail        |    38 |    57 ||    95
Dodge: Dodged            |    22 |    21 ||    43
Block: Kite shield       |    38 |    69 ||   107

Table legend: (Time is in decaauts)
 A = Elapsed time spent in this place.
 B = Non-inter-level travel time spent in this place.
 C = Inter-level travel time spent in this place.
 D = Time resting spent in this place.
 E = Time spent auto-exploring this place.
 F = Levels seen in this place.
 G = Mean time per level.
                   A        B        C        D        E       F      G
               +--------+--------+--------+--------+--------+-----+--------+
         Total |   2649 |   2501 |    148 |    644 |   1331 |   3 |  883.0 |
       Dungeon |   2649 |   2501 |    148 |    644 |   1331 |   3 |  883.0 |
               +--------+--------+--------+--------+--------+-----+--------+

Top non-repeatable levels by time:
     D:2: 1297 daAuts
     D:1: 1293 daAuts
     D:3: 58 daAuts
